 Dungeon Crawl Stone Soup version 0.24-a0-271-ga0fc33f (webtiles) character file.

Game seed: 9476039791290465192

64 Laiders72 the Digger (level 4, -6/25 HPs)
             Began as a Gargoyle Earth Elementalist on Apr 24, 2019.
             Mangled by Sigmund
             ... wielding a +0 scythe
              (8 damage)
             ... on level 2 of the Dungeon.
             The game lasted 00:07:57 (1734 turns).

Laiders72 the Digger (Gargoyle Earth Elementalist)  Turns: 1734, Time: 00:07:58

Health: -6/25      AC:  5    Str: 12    XL:     4   Next: 12%
Magic:  1/8        EV: 12    Int: 16    God:
Gold:   93         SH:  0    Dex: 10    Spells: 4/8 levels left

rFire    . . .     SeeInvis .   f - +0 mace
rCold    . . .     Gourm    .   (no shield)
rNeg     + . .     Faith    .   c - +0 robe
rPois    ∞         Spirit   .   (no helmet)
rElec    +         Reflect  .   (no cloak)
rCorr    .         Harm     .   (no gloves)
MR       .....                  (no boots)
Stlth    ++........             (no amulet)
HPRegen  0.08/turn              (no ring)
MPRegen  0.11/turn              (no ring)

@: no status effects
A: negative energy resistance 1, electricity resistance, unbreathing,
petrification resistance, rot immunity, AC +3
a: no special abilities


You were on level 2 of the Dungeon.
You were hungry.

You visited 1 branch of the dungeon, and saw 2 of its levels.

You collected 93 gold pieces.

Inventory:

Hand Weapons
 e - a +1 dagger of speed
 f - a +0 mace (weapon)
Missiles
 b - 46 stones (quivered)
Armour
 c - a +0 robe (worn)
Scrolls
 g - a scroll of enchant weapon {unknown}
 h - 2 scrolls of identify {unknown}
 j - a scroll of fear {unknown}
 l - a scroll of immolation {unknown}
Potions
 a - a potion of heal wounds {unknown}
 i - a potion of brilliance {unknown}
 m - a potion of mutation {unknown}
Comestibles
 d - 6 rations
 k - a chunk of flesh


   Skills:
 + Level 1.4 Fighting
 - Level 1.5 Dodging
 - Level 2.1 Stealth
 * Level 2.9 Spellcasting
 + Level 0.3 Conjurations
   Level 0.7 Transmutations
 * Level 4.6 Earth Magic


You had 4 spell levels left.
You knew the following spells:

 Your Spells              Type           Power        Failure   Level  Hunger
a - Sandblast             Erth           ###...       2%          1    #......
b - Stone Arrow           Conj/Erth      ##....       21%         3    ###....

Your spell library contained the following spells:

 Spells                   Type           Power        Failure   Level  Hunger
 Passwall                 Tmut/Erth      ##......     10%         2    ##.....
 Petrify                  Tmut/Erth      ##......     54%         4    #####..
 Lee's Rapid Deconstruct  Erth           ###.......   61%         5    ######.


Dungeon Overview and Level Annotations

Branches:
Dungeon (2/15)

Altars:

Annotations:
D:2 Sigmund


Innate Abilities, Weirdness & Mutations

You are resistant to torment.
Your stone body is resilient. (AC +3)
You are immune to poison.
You resist negative energy. (rN+)
You are resistant to electric shocks. (rElec)
You can survive without breathing.
You are immune to petrification.
You are immune to rotting.


Message History

Casting: Sandblast (safe; 2% risk of failure)
Confirm with . or Enter, or press ? or * to list all spells.
Aiming: Sandblast (safe; 2% risk of failure)
Press: ? - help, Shift-Dir - straight line
b - 48 stones Something hits you.
* * * LOW HITPOINT WARNING * * *
Casting: Sandblast (safe; 2% risk of failure)
Confirm with . or Enter, or press ? or * to list all spells.
Aiming: Sandblast (safe; 2% risk of failure)
Press: ? - help, Shift-Dir - straight line The blast of sand hits something but does no damage.
b - 47 stones
Casting: Sandblast (safe; 2% risk of failure)
Confirm with . or Enter, or press ? or * to list all spells.
Aiming: Sandblast (safe; 2% risk of failure)
Press: ? - help, Shift-Dir - straight line
b - 46 stones Something hits you!
You die...

### #.. #.# ###+########
###### #.###..........#
#....# #..............#
###....######.##...........#
#...>....)<@{.##...........#
#....#####)#........####.###
#.........[.................
#######.....#..#####.###...#
#..............# #....
##'###.##..###### #....
#..........# .....#....
#.......#.## #....#.#.
#........... #....#.#.


There were no monsters in sight!

Vanquished Creatures
  Robin (D:2)
  An ooze (D:1)
  A dart slug (D:1)
  A ball python (D:1)
  A bat (D:1)
  5 giant cockroaches
  7 goblins
  6 hobgoblins
  8 jackals (D:1)
  2 kobolds (D:1)
  A frilled lizard (D:1)
  5 rats
39 creatures vanquished.

Vanquished Creatures (others)
  A goblin (D:2)
1 creature vanquished.

Grand Total: 40 creatures vanquished

Notes
Turn   | Place    | Note
-------+----------+-------------------------------------------
     0 | D:1      | Laiders72 the Gargoyle Earth Elementalist began the quest
                  | for the Orb.
     0 | D:1      | Reached XP level 1. HP: 10/10 MP: 3/3
   198 | D:1      | Reached XP level 2. HP: 16/16 MP: 0/5
   308 | D:1      | Reached skill level 4 in Earth Magic
   519 | D:1      | Reached skill level 1 in Fighting
   561 | D:1      | Reached XP level 3. HP: 19/20 MP: 4/6
  1008 | D:1      | Learned a level 3 spell: Stone Arrow
  1009 | D:2      | Noticed Robin
  1282 | D:2      | Killed Robin
  1283 | D:2      | Reached XP level 4. HP: 18/25 MP: 2/8
  1477 | D:2      | Noticed Sigmund
  1734 | D:2      | Mangled by Sigmund

Levels and vault maps discovered:
D:1:      dpeg_arrival_long_road, layout_basic
D:2:      layout_basic, marbit_many_paths, first_ration,
          minmay_indecisive_spiral, uniq_sigmund, uniq_robin

Skill      XL: |  1  2 |
---------------+-------+-----
Earth Magic    | 4 |  4.6
Fighting       | 1 |  1.4
Dodging        | |  1.5
Stealth        | |  2.1
Spellcasting   | |  2.9
Conjurations   | |  0.3
Transmutations | |  0.7

Action                   |  1- 3 |  4- 6 || total
-------------------------+-------+-------++-------
Melee: Dagger            |    55 |       ||    55
       Unarmed           |     1 |       ||     1
       Mace              |    20 |     5 ||    25
 Cast: Sandblast         |    32 |    10 ||    42
       Stone Arrow       |       |     3 ||     3
 Stab: Sleeping          |     1 |       ||     1
  Eat: Chunk             |     1 |     2 ||     3
Armor: Robe              |    45 |     1 ||    46
Dodge: Dodged            |    90 |     5 ||    95

Table legend:
 A = Non-vault XP
 B = Vault XP
 C = Vault XP percentage of total XP
 D = Non-vault monster count
 E = Vault monster count
 F = Vault count percentage of total count
                 A         B        C        D         E       F
            +---------+---------+-------+---------+---------+-------
      Total |      63 |      29 |  31.5 |      31 |       8 |  20.5
            +---------+---------+-------+---------+---------+-------
        D:1 |      57 |       8 |  12.3 |      27 |       4 |  12.9
        D:2 |       6 |      21 |  77.8 |       4 |       4 |  50.0
            +---------+---------+-------+---------+---------+-------
